AoeStats
← guandonzu

Arena

508622603Analyzed
1v1 RM · 10d ago on Sep 23, 2026· 83m 23s· 2 players
Game mode
Random Map
Map size
Tiny (2 player)
Population
200
Speed
Normal
Resources
Standard
Victory
Conquest
Starting age
Dark Age
Ending age
Imperial Age
RankedLock teamsTeams togetherTeam positionsShared explorationLock speedFull tech treeHidden civsTurbo modeCheats
Victory
Defeat
🇷🇺 Britons · Russia
397
+20
🇹🇼 Gurjaras · Taiwan
478
-20
UMMA KHAN
10:29 Feudal Age
12:00 Double-Bit Axe
14:35 Wheelbarrow
13:55 Horse Collar
14:12 Loom
14:12 Town Watch
16:44 Stone Mining
20:13 Castle Age
18:54 Gold Mining
21:19 Hand Cart
24:27 Fervor
32:05 Heavy Plow
32:25 Bow Saw
33:08 Gold Shaft Mining
39:04 Imperial Age
36:54 Town Patrol
36:41 Treadmill Crane
37:23 Ballistics
37:05 Fletching
38:35 Masonry
38:21 Murder Holes
38:37 Fortified Wall
38:37 Bodkin Arrow
39:06 Yeomen
39:32 Padded Archer Armor
39:50 Warwolf
40:13 Conscription
40:45 Hoardings
40:46 Bracer
41:22 Arrowslits
43:04 Architecture
44:12 Chemistry
44:21 Two-Man Saw
44:38 Siege Engineers
44:55 Leather Archer Armor
46:27 Elite Longbowman
51:02 Ring Archer Armor
50:39 Scale Barding Armor
50:34 Scale Mail Armor
50:44 Forging
51:53 Arson
52:09 Squires
51:29 Pikeman
53:19 Chain Barding Armor
54:35 Chain Mail Armor
54:56 Iron Casting
53:57 Halberdier
55:34 Plate Barding Armor
54:46 Onager
56:24 Plate Mail Armor
59:27 Blast Furnace
62:06 Light Cavalry
guandonzu
10:38 Feudal Age
11:22 Double-Bit Axe
12:25 Horse Collar
19:34 Castle Age
23:40 Bloodlines
22:53 Light Cavalry
23:35 Husbandry
28:32 Loom
29:23 Wheelbarrow
28:59 Heavy Plow
29:15 Bow Saw
30:02 Kshatriyas
31:12 Ballistics
34:37 Imperial Age
36:22 Chemistry
35:59 Crop Rotation
37:11 Elite Chakram Thrower
39:16 Elite Shrivamsha Rider
44:58 Forging
44:54 Scale Barding Armor
51:24 Hussar
52:44 Iron Casting
52:29 Chain Barding Armor
55:02 Murder Holes
55:17 Fortified Wall
55:18 Masonry
55:00 Guard Tower
54:57 Treadmill Crane
54:59 Onager
60:34 Siege Elephant
Connection lost

Rejoining the realm…

Still unreachable

The connection could not be restored.

Session expired

The server has moved on; the page needs a fresh start.